AoeStats
← Tsimentopoulos

Lombardia

509901339Analyzed
3v3 RM · 5d ago on Sep 28, 2026· 45m 34s· 6 players
Game mode
Random Map
Map size
Normal (6 player)
Population
200
Speed
Normal
Resources
Standard
Victory
Conquest
Starting age
Dark Age
Ending age
Imperial Age
RankedLock teamsTeams togetherTeam positionsShared explorationLock speedFull tech treeHidden civsTurbo modeCheats
Victory
Defeat
🇫🇮 Celts · Finland
1168
+13
🇫🇮 Ethiopians · Finland
1164
+13
🇨🇳 Mongols · China
1028
+19
🇬🇷 Maya · Greece
1121
-16
🇬🇷 Vietnamese · Greece
1111
-16
🇬🇷 Khmer · Greece
1060
-13
Tsimentopoulos
12:14 Feudal Age
10:34 Loom
16:01 Castle Age
13:50 Double-Bit Axe
16:01 Horse Collar
23:19 Bow Saw
23:12 Heavy Plow
23:34 Fletching
23:51 Crossbowman
25:46 Thumb Ring
26:07 Padded Archer Armor
26:03 Elite Skirmisher
27:50 Bodkin Arrow
29:24 Stone Mining
29:27 Gold Mining
32:11 Chatras
34:01 Leather Archer Armor
33:53 Scale Barding Armor
33:58 Forging
33:53 Squires
33:38 Arson
37:01 Imperial Age
35:09 Wheelbarrow
35:47 Hand Cart
36:02 Town Watch
36:59 Man-at-Arms
38:07 Paper Money
37:28 Imperial Skirmisher
38:11 Bracer
38:41 Ring Archer Armor
38:13 Scale Mail Armor
38:48 Iron Casting
40:31 Ballistics
41:04 Iron Casting
40:22 Long Swordsman
43:11 Two-Handed Swordsman
45:20 Town Patrol
46:55 Chemistry
Fly Lo
0:28 Loom
10:39 Feudal Age
15:33 Castle Age
13:45 Double-Bit Axe
20:12 Horse Collar
23:09 Wheelbarrow
23:02 Fletching
23:12 Padded Archer Armor
24:32 Elite Skirmisher
26:55 Thumb Ring
28:51 Hand Cart
31:02 Bow Saw
30:49 Stone Mining
33:13 Stone Shaft Mining
32:48 Heavy Plow
38:50 Imperial Age
36:20 Bodkin Arrow
36:40 Leather Archer Armor
38:21 Town Watch
39:29 Ballistics
39:34 Bracer
40:05 Ring Archer Armor
38:57 Imperial Skirmisher
40:44 Chemistry
41:20 Two-Man Saw
41:04 Hul'che Javelineers
41:27 Conscription
41:37 Crossbowman
42:14 Arbalester
dripped fly lo
12:00 Feudal Age
16:24 Castle Age
19:43 Double-Bit Axe
20:16 Horse Collar
20:49 Bow Saw
21:16 Heavy Plow
22:21 Stone Mining
22:27 Gold Mining
24:32 Husbandry
24:45 Bloodlines
28:52 Scale Barding Armor
28:58 Forging
33:55 Gold Shaft Mining
34:46 Chain Barding Armor
35:02 Iron Casting
38:50 Imperial Age
36:28 Loom
37:26 Wheelbarrow
39:33 Elite Battle Elephant
40:56 Plate Barding Armor
41:22 Blast Furnace
Wickerman313
10:10 Feudal Age
9:27 Loom
16:01 Castle Age
14:17 Double-Bit Axe
14:34 Horse Collar
17:02 Bow Saw
23:00 Heavy Plow
27:31 Wheelbarrow
30:19 Imperial Age
28:52 Scale Mail Armor
29:04 Forging
29:09 Gold Mining
29:10 Stone Mining
31:03 Chain Mail Armor
30:53 Elite Woad Raider
31:54 Conscription
31:29 Arson
33:57 Plate Mail Armor
34:03 Iron Casting
34:27 Hand Cart
37:47 Blast Furnace
40:17 Capped Ram
43:21 Pikeman
44:14 Siege Ram
45:12 Furor Celtica
45:03 Stronghold
TFS|Nappa
6:38 Loom
9:08 Feudal Age
14:51 Fletching
15:26 Double-Bit Axe
21:42 Castle Age
21:28 Padded Archer Armor
21:53 Crossbowman
22:39 Thumb Ring
24:56 Bodkin Arrow
24:47 Horse Collar
25:59 Wheelbarrow
26:35 Leather Archer Armor
29:19 Hand Cart
29:46 Bow Saw
35:03 Imperial Age
35:16 Arbalester
36:17 Bracer
37:30 Chemistry
36:56 Ballistics
39:55 Ring Archer Armor
挺拔的象拔蚌
8:22 Loom
10:09 Feudal Age
10:26 Loom
15:34 Castle Age
13:25 Double-Bit Axe
13:39 Horse Collar
22:11 Bow Saw
23:40 Heavy Plow
24:50 Fletching
25:14 Forging
25:17 Gold Mining
25:20 Stone Mining
25:56 Scale Barding Armor
26:33 Gold Shaft Mining
27:16 Iron Casting
27:49 Stone Shaft Mining
27:56 Wheelbarrow
27:57 Husbandry
28:07 Bloodlines
29:11 Hand Cart
29:19 Chain Barding Armor
28:48 Town Watch
32:48 Imperial Age
32:14 Fletching
32:24 Padded Archer Armor
33:00 Ballistics
33:11 Squires
33:15 Town Patrol
34:53 Chemistry
34:32 Coinage
33:51 Capped Ram
36:02 Blast Furnace
35:02 Scale Mail Armor
34:59 Bodkin Arrow
34:56 Onager
34:58 Siege Ram
36:30 Conscription
35:35 Elite Steppe Lancer
36:48 Drill
37:20 Banking
36:30 Siege Onager
41:02 Parthian Tactics
Connection lost

Rejoining the realm…

Still unreachable

The connection could not be restored.

Session expired

The server has moved on; the page needs a fresh start.